 Dungeon Sprint DCSS version 0.30.1-11-g7821555f0a (webtiles) character file.

Game seed: 17138313490305801016

5130 Groucho the Unseen (level 10, -17/51 HPs)
             Began as a Spriggan Enchanter on Dec 10, 2023.
             Was a Believer of Dithmenos.
             Shot with a bolt by a yaktaur (20 damage)
             ... in the Dungeon (Sprint II: "The Violet Keep of Menkaure").
             The game lasted 00:08:43 (393 turns).

Groucho the Unseen (Spriggan Enchanter)              Turns: 393, Time: 00:08:43

Health: -17/51     AC:  1    Str:  4    XL:     10   Next: 33%
Magic:  10/21      EV: 23    Int: 21    God:    Dithmenos [**....]
Gold:   358        SH:  0    Dex: 16    Spells: 10/23 levels left

rFire   . . .        a - +1 dagger
rCold   . . .        (no shield)
rNeg    . . .        b - +0 robe
rPois   +            (helmet restricted)
rElec   .            (no cloak)
rCorr   .            (gloves unavailable)
SInv    +            (boots unavailable)
Will    +....        (no amulet)
Stlth   ++++++++     f - ring of the Priest {Fly rPois}
HPRegen 0.28/turn    (no ring)
MPRegen 0.17/turn

%: no teleportation
@: flying, wreathed by umbra, very quick
A: very small, no large weapons, unfitting armour, see invisible, speed 3,
deformed body
a: Renounce Religion, Shadow Step


You were in the Dungeon.
You worshipped Dithmenos.
Dithmenos was pleased with you.
You visited 1 branch You collected 1235 gold pieces.
You spent 877 gold pieces at shops.

Inventory:

Hand Weapons
 a - a +1 dagger (weapon)
Armour
 b - a +0 robe (worn)
Jewellery
 f - the ring of the Priest (left hand) {Fly rPois}
   (You bought it in a shop in the Dungeon)

   [ring of poison resistance]

   rPois:     It protects you from poison.
   Fly:       It grants you flight.
Scrolls
 i - a scroll of blinking
Potions
 d - a potion of curing
 e - a potion of heal wounds
 g - 2 potions of magic
 h - 2 potions of berserk rage


   Skills:
 - Level 5.0 Fighting
 - Level 10.0 Short Blades
 - Level 10.0 Dodging
 - Level 15.0 Stealth
 - Level 7.0 Spellcasting
 + Level 7.5 Conjurations
 - Level 14.0 Hexes
 + Level 9.8 Transmutations
 + Level 6.7 Earth Magic


You had 10 spell levels left.
You knew the following spells:

 Your Spells              Type           Power      Damage    Failure   Level
a - Ensorcelled Hibernat  Hex/Ice        72%        N/A       1%          2
b - Confusing Touch       Hex            60%        N/A       1%          3
c - Dazzling Flash        Conj/Hex       100%       N/A       1%          3
d - Tukima's Dance        Hex            60%        N/A       1%          3
e - Passwall              Tmut/Erth      35%        N/A       1%          2

Your spell library contained the following spells:

 Spells                   Type           Power      Damage    Failure   Level
 Petrify                  Tmut/Erth      42%        N/A       3%          4
 Irradiate                Conj/Tmut      21%        3d18      7%          5
 Sublimation of Blood     Necr           7%         N/A       13%         2
 Swiftness                Air            7%         N/A       26%         3


Dungeon Overview and Level Annotations

Branches:
Dungeon (1/1)

Altars:
Cheibriados
Dithmenos
Elyvilon
Fedhas
Gozag
Hepliaklqana
Kikubaaqudgha
Makhleb
Nemelex Xobeh
Okawaru
Qazlal
Ru
Sif Muna
Trog
Uskayaw
Vehumet
Wu Jian
Xom
Yredelemnul
Zin
The Shining One
Jiyva
Lugonu

Shops:
D ?=:=((!:[![=[=[

Annotations:
D exclusion: oklob plant


Innate Abilities, Weirdness & Mutations

You are very small and have problems with some larger weapons.
You are too small for most types of armour.
You have supernaturally acute eyesight. (SInv)
You cover ground extremely quickly. (Speed+++)
Armour fits poorly on your strangely shaped body.


Message History

Press < or > to pray at altars.
You hit the polar bear.
The polar bear is almost dead.
Unknown command.
Press < or > to pray at altars.
Unknown command.
Press < or > to pray at altars.
Unknown command.
Press < or > to pray at altars.
Casting: Confusing Touch (safe; 1% risk of failure)
Confirm with . or Enter, or press ? or * to list all spells.
Aiming: Ensorcelled Hibernation (safe; 1% risk of failure)
Press: ? - help, Shift-Dir - straight line, f - hornet
Aim: a hornet (umbra, chance to affect: 55%)
The hornet resists with significant effort.
The hornet misses you.
Casting: Ensorcelled Hibernation (safe; 1% risk of failure)
Confirm with . or Enter, or press ? or * to list all spells.
Aiming: Ensorcelled Hibernation (safe; 1% risk of failure)
Press: ? - help, Shift-Dir - straight line, f/p - hornet
Aim: a hornet (umbra, chance to affect: 55%)
The hornet resists with significant effort.
The hornet completely misses you. The hornet misses you.
Casting: Ensorcelled Hibernation (safe; 1% risk of failure)
Confirm with . or Enter, or press ? or * to list all spells.
Aiming: Ensorcelled Hibernation (safe; 1% risk of failure)
Press: ? - help, Shift-Dir - straight line, f/p - hornet
Aim: a hornet (umbra, chance to affect: 55%)
The hornet looks drowsy...
The helpless hornet fails to defend itself.
You skewer the hornet like a kebab!!!!
You kill the hornet!
Dithmenos accepts your kill. The polar bear bites you!
* * * LOW HITPOINT WARNING * * *
The polar bear claws you.
* * * LOW HITPOINT WARNING * * *
The polar bear barely misses you.
The yaktaur wields a +0 arbalest.
The yaktaur shoots a bolt.
The bolt hits you!!
You die... .## ...#..#...# †.# ## ..#####..# .# =$!$!

#'# #.##..#..†..# .#▓$$)$)!
#.###..#..#[.#..# .#▓?))$[?!
.<.'##.'..####..##.#▓?!$?::$
#.##.#.#....###...##▓▓▓▓▓▓▓+
#'###.##......~~c~~~~~~~~~~
.#.####~~.....~#†########+###
###.#~~~~~~§..~#@._.....#§§~#
##~~~~~§~~.~#h_._....#§~≈§
#~~~≈≈≈~~~~~#_._._...#§~§
~~~~~≈≈≈≈~~~#._._._..#~~S
++#~≈§≈§≈≈§~#_._._._.#§~~
#§§§###§≈#._._._._#~S~~
#≈§#.._._._.#§§≈§
#§≈#._._._..#~≈≈≈
≈≈≈##########~≈§§


You could see a polar bear (confused) and a yaktaur.

Vanquished Creatures
  A deep elf master archer (D)
  A fire dragon (D)
  2 boulder beetles (D)
  A death yak (D)
  3 polar bears (D)
  A hornet (D)
  2 wyverns (D)
  4 neqoxecs (D)
  Menkaure (D)
  A water moccasin (D)
  2 worms (D)
19 creatures vanquished.

Notes
Turn   | Place    | Note
-------+----------+-------------------------------------------
     0 | D        | Groucho the Spriggan Enchanter began the quest for the Orb.
     0 | D        | Reached XP level 1. HP: 9/9 MP: 5/5
    21 | D        | Reached skill level 1 in Fighting
    21 | D        | Reached skill level 5 in Stealth
    26 | D        | Noticed a neqoxec
    36 | D        | Killed a neqoxec
    37 | D        | Reached skill level 5 in Short Blades
    37 | D        | Reached skill level 11 in Stealth
    37 | D        | Reached skill level 5 in Hexes
    37 | D        | Reached XP level 2. HP: 7/16 MP: 6/8
    37 | D        | Reached XP level 3. HP: 9/20 MP: 6/9
    37 | D        | Reached XP level 4. HP: 10/24 MP: 7/11
    37 | D        | Reached XP level 5. HP: 12/28 MP: 7/12
    37 | D        | Noticed a neqoxec
    37 | D        | Noticed a neqoxec
    37 | D        | Noticed a neqoxec
    40 | D        | Noticed a water moccasin
    41 | D        | Gained mutation: Armour fits poorly on your strangely
                  | shaped body. [a neqoxec]
    45 | D        | Killed a neqoxec
    46 | D        | Reached skill level 15 in Stealth
    46 | D        | Reached XP level 6. HP: 15/32 MP: 7/13
    49 | D        | Killed a neqoxec
    50 | D        | Reached skill level 10 in Hexes
    51 | D        | Killed a neqoxec
    52 | D        | Reached XP level 7. HP: 18/36 MP: 7/14
    60 | D        | Noticed a wyvern
    60 | D        | Noticed a wyvern
    63 | D        | Killed a wyvern
    66 | D        | Killed a wyvern
    70 | D        | Learned a level 2 spell: Ensorcelled Hibernation
    74 | D        | Learned a level 3 spell: Confusing Touch
    78 | D        | Learned a level 3 spell: Dazzling Flash
    82 | D        | Learned a level 3 spell: Tukima's Dance
    86 | D        | Noticed a boulder beetle
    86 | D        | Noticed a boulder beetle
    89 | D        | Killed a boulder beetle
    90 | D        | Reached skill level 10 in Short Blades
    90 | D        | Reached XP level 8. HP: 27/40 MP: 11/15
    97 | D        | Killed a boulder beetle
    98 | D        | Reached skill level 5 in Conjurations
    98 | D        | Reached skill level 5 in Fighting
    98 | D        | Reached XP level 9. HP: 33/47 MP: 12/16
   126 | D        | Found Hemiroem's Distillery.
   126 | D        | Found Futommam's Antique Armour Shop.
   126 | D        | Found Yhoqiummu's Antique Armour Boutique.
   126 | D        | Found Ammagg's Armour Boutique.
   126 | D        | Found Naer's Jewellery Boutique.
   127 | D        | Found Eckaigri's Jewellery Shop.
   127 | D        | Found Zopi's Armour Boutique.
   127 | D        | Found Gyhiun's Book Shop.
   128 | D        | Found Ahar's Distillery.
   128 | D        | Found Keirruwk's Antique Weapon Boutique.
   129 | D        | Noticed Menkaure
   141 | D        | Killed Menkaure
   144 | D        | Found Toradebe's Antique Weapon Boutique.
   144 | D        | Found Ystorob's Jewellery Shop.
   144 | D        | Noticed an ice dragon
   144 | D        | Noticed an oklob plant
   145 | D        | Found Yrustese's Jewellery Shop.
   145 | D        | Found Evostatiu's Book Shoppe.
   145 | D        | Found Sodaazao's Magic Scroll Boutique.
   147 | D        | Noticed a hell hog
   148 | D        | Noticed a hell hog
   151 | D        | Noticed an unseen horror
   186 | D        | Bought a book of Alchemy for 308 gold pieces
   186 | D        | Bought a book of Burglary for 220 gold pieces
   223 | D        | Bought the ring of the Priest {Fly rPois} for 349 gold
                  | pieces
   227 | D        | Learned a level 2 spell: Passwall
   260 | D        | Found an iron altar of Okawaru.
   260 | D        | Found a radiant altar of Vehumet.
   261 | D        | Found a sparkling altar of Nemelex Xobeh.
   261 | D        | Found a hide-covered altar of Uskayaw.
   261 | D        | Found a glowing silver altar of Zin.
   262 | D        | Found an opulent altar of Gozag.
   262 | D        | Found a burning altar of Makhleb.
   262 | D        | Found a bloodstained altar of Trog.
   263 | D        | Found a blossoming altar of Fedhas.
   263 | D        | Found a corrupted altar of Lugonu.
   263 | D        | Found a basalt altar of Yredelemnul.
   263 | D        | Found a shimmering blue altar of Sif Muna.
   264 | D        | Found a white marble altar of Elyvilon.
   264 | D        | Found an ancient bone altar of Kikubaaqudgha.
   265 | D        | Found a shadowy altar of Dithmenos.
   265 | D        | Found a viscous altar of Jiyva.
   266 | D        | Found a snail-covered altar of Cheibriados.
   268 | D        | Found a shimmering altar of Xom.
   268 | D        | Found a sacrificial altar of Ru.
   268 | D        | Found a hazy altar of Hepliaklqana.
   269 | D        | Found a glowing golden altar of the Shining One.
   269 | D        | Found an ornate altar of the Wu Jian Council.
   269 | D        | Found a stormy altar of Qazlal.
   274 | D        | Became a worshipper of Dithmenos the Shadowed
   284 | D        | Noticed a fire dragon
   286 | D        | Killed a fire dragon
   287 | D        | Reached skill level 10 in Dodging
   287 | D        | Reached skill level 5 in Spellcasting
   297 | D        | Noticed a death yak
   298 | D        | Killed a death yak
   299 | D        | Reached skill level 5 in Transmutations
   310 | D        | Noticed a deep elf master archer
   315 | D        | Killed a deep elf master archer
   315 | D        | Reached * piety under Dithmenos
   316 | D        | Reached XP level 10. HP: 51/51 MP: 17/21
   388 | D        | Reached ** piety under Dithmenos
   393 | D        | Shot with a bolt by a yaktaur

Illustrated notes

Levels and vault maps discovered:
D:        the_violet_keep_of_menkaure [sprint2_stairs_cluster_1,
          sprint2_shoproom, sprint2_temple, sprint2_basic_supplies,
          sprint2_obstacle_6, sprint2_obstacle_5, sprint2_obstacle_3,
          sprint2_obstacle_2, sprint2_obstacle_4, sprint2_timed_cluster_1,
          sprint2_smallroom_cluster_1, sprint2_smallroom_final_cluster_1,
          sprint2_transparent_cluster_1, sprint2_second_timed_cluster_1,
          sprint2_sniper_area_1, sprint2_heavy_combat_area_1,
          sprint2_mutation_trap_area_1, sprint2_forest_area_1,
          sprint2_light_combat_area_1, sprint2_behind_water_1,
          sprint2_near_end_vault_1]

Skill      XL: |  1  2  3  4  5  6  7  8  9 10 |
---------------+-------------------------------+-----
Dodging        | 3 7 10 | 10.0
Spellcasting   | 4 7 |  7.0
Fighting       | 3 5 |  5.0
Short Blades   | 5 10 | 10.0
Stealth        | 11 15 | 15.0
Hexes          | 5 7 12 14 | 14.0
Conjurations   | 4 5 7 |  7.5
Transmutations | 8 9 |  9.8
Earth Magic    | 6 |  6.7

Action                     |  1- 3 |  4- 6 |  7- 9 | 10-12 || total
---------------------------+-------+-------+-------+-------++-------
  Melee: Dagger            |    22 |    13 |    12 |    13 ||    60
         Punch             |       |     1 |       |       ||     1
   Cast: Ensorcelled Hiber |       |       |     3 |     3 ||     6
         Confusing Touch   |       |       |     1 |     2 ||     3
    Use: Potion            |     2 |       |     1 |       ||     3
   Stab: Invisible         |     2 |     5 |       |       ||     7
         Sleeping          |     1 |       |     8 |     3 ||    12
         Confused          |       |       |     1 |     2 ||     3
  Dodge: Dodged            |     8 |     3 |     3 |    17 ||    31
